NCAA
TENNESSEE VOLUNTEERS @ VANDERBILT COMMODORES
04/18/2026
 
TOP OF THE 1ST
Tennessee Volunteers batting - Pitching for Vanderbilt Commodores : RHP Chris Jacobs
Pitching: RHP Chris Jacobs
Batting: RHB John Jones 0-0: Ball
1-0: Foul Ball, location: 2F
1-1: Swinging Strike
1-2: Foul Ball, location: 2F
1-2: Foul Ball, location: 2F
1-2: Foul Ball, location: 2F
1-2: Strikes out swinging
Batting: RHB Kevin Manning Single, Error in OF, E9, batter to second base
Batting: RHB Travis Colbert 0-0: Ball
1-0: Ball
2-0: Foul Ball, location: 2F
2-1: Foul Ball, location: 2F
2-2: Strikes out swinging
Batting: RHB Tanner Albert 0-0: Ball
1-0: Called Strike
1-1: Foul Ball, location: 2F
1-2: Ball
2-2: SINGLE (Line Drive, 6MD)
Kevin Manning to third
Runner from 3rd tries for Home, SAFE, throw made home
Tanner Albert to second
Batting: LHB Bernardo Morales 0-0: Called Strike
0-1: Ball
1-1: Ball
2-1: Ball
3-1: Foul Ball, location: 2F
3-2: Fly out, F8 (Flyball, 8LM)
Top of the 1st over - 1 run(s), 2 hit(s), 1 error(s), 1 left on base; Tennessee 1 - Vanderbilt 0
BOTTOM OF THE 1ST
Vanderbilt Commodores batting - Pitching for Tennessee Volunteers : LHP Mike Moore
Pitching: LHP Mike Moore
Batting: RHB Glen MacDonald 0-0: Hit by Pitch
Batting: RHB Josh Webb 0-0: Called Strike
0-1: SINGLE (Groundball, 4M)
Glen MacDonald to second
Batting: RHB Erik Carter 0-0: Ball
1-0: Swinging Strike
1-1: Swinging Strike
1-2: Strikes out swinging
Batting: RHB Denis Miller 0-0: Ball
1-0: Ball
2-0: Fly out, F9 (Flyball, 9LS)
Batting: RHB Joe Day 0-0: Ball
1-0: Swinging Strike
1-1: Ground out 4-3 (Groundball, 4)
Bottom of the 1st over - 0 run(s), 1 hit(s), 0 error(s), 2 left on base; Tennessee 1 - Vanderbilt 0
TOP OF THE 2ND
Tennessee Volunteers batting - Pitching for Vanderbilt Commodores : RHP Chris Jacobs
Batting: RHB Mike Alexander 0-0: Ball
1-0: Ground out 5-3 (Groundball, 5S)
Batting: RHB José Rosales 0-0: Ball
1-0: SINGLE (Groundball, 6MD)
Batting: LHB Joe Storms 0-0: Called Strike
0-1: Foul Ball, location: 2F
0-2: Ball
1-2: Foul Ball, location: 2F
1-2: Strikes out swinging
Batting: LHB Vernon Hill 0-0: Called Strike
0-1: Ball
1-1: Swinging Strike
1-2: Foul Ball, location: 2F
1-2: Ball
2-2: Strikes out looking
Top of the 2nd over - 0 run(s), 1 hit(s), 0 error(s), 1 left on base; Tennessee 1 - Vanderbilt 0
BOTTOM OF THE 2ND
Vanderbilt Commodores batting - Pitching for Tennessee Volunteers : LHP Mike Moore
Batting: RHB Steve Cook 0-0: Ball
1-0: Ball
2-0: Fly out, F9 (Flyball, 9S)
Batting: RHB Christian Bauer 0-0: Called Strike
0-1: Ball
1-1: Ground out 5-3 (Groundball, 5S)
Batting: RHB Dan Castaneda 0-0: Ball
1-0: Ball
2-0: Ball
3-0: Base on Balls
Batting: RHB Timothy Foster 0-0: Called Strike
0-1: Called Strike
0-2: Ball
1-2: Foul Ball, location: 2F
1-2: DOUBLE (Groundball, 5L)
Dan Castaneda to third
Runner from 3rd tries for Home, SAFE, no throw or cutoff
Batting: RHB Glen MacDonald 0-0: Ball
1-0: Called Strike
1-1: Foul Ball, location: 2F
1-2: Ball
2-2: Ball
3-2: Foul Ball, location: 2F
3-2: 2-RUN HOME RUN (Flyball, 8LXD), Distance : 378 ft
Batting: RHB Josh Webb 0-0: Ball
1-0: Swinging Strike
1-1: SINGLE (Groundball, 56D)
Batting: RHB Erik Carter 0-0: Fly out, F9 (Popup, 34D)
Bottom of the 2nd over - 3 run(s), 3 hit(s), 0 error(s), 1 left on base; Tennessee 1 - Vanderbilt 3
TOP OF THE 3RD
Tennessee Volunteers batting - Pitching for Vanderbilt Commodores : RHP Chris Jacobs
Batting: RHB John Jones 0-0: SOLO HOME RUN (Flyball, 78XD), Distance : 376 ft
Batting: RHB Kevin Manning 0-0: Called Strike
0-1: Ball
1-1: Foul Ball, location: 2F
1-2: Foul Ball, location: 2F
1-2: Strikes out looking
Batting: RHB Travis Colbert 0-0: Ball
1-0: Swinging Strike
1-1: Swinging Strike
1-2: SINGLE (Flyball, 8RS)
Batting: RHB Tanner Albert 0-0: Foul Ball, location: 2F
0-1: Ball
1-1: Ball
2-1: Ball
3-1: DOUBLE (Line Drive, 8RM)
Travis Colbert to third
Runner from 3rd tries for Home, SAFE, no throw or cutoff
Batting: LHB Bernardo Morales 0-0: Swinging Strike
0-1: Ball
1-1: DOUBLE (Flyball, 9M)
Tanner Albert scores
Batting: RHB Mike Alexander 0-0: Called Strike
0-1: Swinging Strike
0-2: Fly out, F4 (Popup, 4MD)
Batting: RHB José Rosales 0-0: Foul Ball, location: 2F
0-1: SINGLE (Groundball, 6D)
Bernardo Morales to third
Throwing error, E7
Bernardo Morales scores
José Rosales to second
Batting: LHB Joe Storms 0-0: Called Strike
0-1: Foul Ball, location: 2F
0-2: Ground out 4-3 (Groundball, 4)
Top of the 3rd over - 4 run(s), 5 hit(s), 1 error(s), 1 left on base; Tennessee 5 - Vanderbilt 3
BOTTOM OF THE 3RD
Vanderbilt Commodores batting - Pitching for Tennessee Volunteers : LHP Mike Moore
Batting: RHB Denis Miller 0-0: Ball
1-0: Ground out 1-3 (Groundball, 13S)
Batting: RHB Joe Day 0-0: Ball
1-0: Called Strike
1-1: Ball
2-1: Ground out 5-3 (Groundball, 5S)
Batting: RHB Steve Cook 0-0: Ball
1-0: Ball
2-0: Called Strike
2-1: Ball
3-1: Base on Balls
Batting: RHB Christian Bauer 0-0: Called Strike
0-1: Ground out 4-3 (Groundball, 4)
Bottom of the 3rd over - 0 run(s), 0 hit(s), 0 error(s), 1 left on base; Tennessee 5 - Vanderbilt 3
TOP OF THE 4TH
Tennessee Volunteers batting - Pitching for Vanderbilt Commodores : RHP Chris Jacobs
Batting: LHB Vernon Hill 0-0: Called Strike
0-1: Ground out U3 (Groundball, 3S)
Batting: RHB John Jones 0-0: Foul Ball, location: 2F
0-1: Swinging Strike
0-2: Foul Ball, location: 2F
0-2: Strikes out swinging, 2-3 out at first.
Batting: RHB Kevin Manning 0-0: Ball
1-0: Swinging Strike
1-1: Called Strike
1-2: Ball
2-2: Strikes out swinging
Top of the 4th over - 0 run(s), 0 hit(s), 0 error(s), 0 left on base; Tennessee 5 - Vanderbilt 3
BOTTOM OF THE 4TH
Vanderbilt Commodores batting - Pitching for Tennessee Volunteers : LHP Mike Moore
Batting: RHB Dan Castaneda 0-0: Called Strike
0-1: Ball
1-1: Ball
2-1: Ball
3-1: Base on Balls
Batting: RHB Timothy Foster 0-0: Grounds into double play, U4-3 (Groundball, 4M)
Batting: RHB Glen MacDonald 0-0: Foul Ball, location: 2F
0-1: Ball
1-1: Ball
2-1: Swinging Strike
2-2: Foul Ball, location: 2F
2-2: Strikes out swinging
Bottom of the 4th over - 0 run(s), 0 hit(s), 0 error(s), 0 left on base; Tennessee 5 - Vanderbilt 3
TOP OF THE 5TH
Tennessee Volunteers batting - Pitching for Vanderbilt Commodores : RHP Chris Jacobs
Batting: RHB Travis Colbert 0-0: Ball
1-0: SINGLE (Line Drive, 89S)
Batting: RHB Tanner Albert 0-0: Ball
1-0: Ball
2-0: Called Strike
2-1: Called Strike
2-2: Ball
3-2: Base on Balls
Travis Colbert to second
Pitching: RHP Adrián Rodríguez
Batting: LHB Bernardo Morales 0-0: Ball
1-0: Ball
2-0: Called Strike
2-1: Foul Ball, location: 2F
2-2: 3-RUN HOME RUN (Flyball, 9D), Distance : 349 ft
Batting: RHB Mike Alexander 0-0: Foul Ball, location: 2F
0-1: DOUBLE (Line Drive, 9LS)
Batting: RHB José Rosales 0-0: Foul Ball, location: 2F
0-1: Called Strike
0-2: Foul Ball, location: 2F
0-2: Ball
1-2: Foul Ball, location: 2F
1-2: Strikes out looking
Batting: LHB Joe Storms 0-0: Called Strike
Mike Alexander is caught stealing 3rd base
0-1: Ball
1-1: Ball
2-1: Foul Ball, location: 2F
2-2: Foul Ball, location: 2F
2-2: Fly out, F7 (Flyball, 78S)
Top of the 5th over - 3 run(s), 3 hit(s), 0 error(s), 0 left on base; Tennessee 8 - Vanderbilt 3
BOTTOM OF THE 5TH
Vanderbilt Commodores batting - Pitching for Tennessee Volunteers : LHP Mike Moore
Batting: RHB Josh Webb 0-0: Called Strike
0-1: Ball
1-1: Foul Ball, location: 2F
1-2: Foul Ball, location: 2F
1-2: Strikes out swinging
Batting: RHB Erik Carter 0-0: Fly out, F8 (Flyball, 8RXD)
Batting: RHB Denis Miller 0-0: Ground out 4-3 (Groundball, 4)
Bottom of the 5th over - 0 run(s), 0 hit(s), 0 error(s), 0 left on base; Tennessee 8 - Vanderbilt 3
TOP OF THE 6TH
Tennessee Volunteers batting - Pitching for Vanderbilt Commodores : RHP Adrián Rodríguez
Batting: LHB Vernon Hill 0-0: Ball
1-0: Foul Ball, location: 2F
1-1: Swinging Strike
1-2: Ball
2-2: Strikes out swinging
Batting: RHB John Jones 0-0: Ball
1-0: Ball
2-0: Ball
3-0: Called Strike
3-1: Called Strike
3-2: Foul Ball, location: 2F
3-2: Base on Balls
Pitching: LHP Robbie Troxler
Batting: RHB Kevin Manning 0-0: Called Strike
0-1: Called Strike
0-2: Ball
1-2: Foul Ball, location: 2F
1-2: Foul Ball, location: 2F
1-2: Strikes out looking
Batting: RHB Travis Colbert 0-0: Fly out, F2 (Popup, 23F)
Top of the 6th over - 0 run(s), 0 hit(s), 0 error(s), 1 left on base; Tennessee 8 - Vanderbilt 3
BOTTOM OF THE 6TH
Vanderbilt Commodores batting - Pitching for Tennessee Volunteers : LHP Mike Moore
Batting: RHB Joe Day 0-0: Hit by Pitch
Batting: RHB Steve Cook 0-0: Foul Ball, location: 2F
0-1: Fly out, F8 (Flyball, 8RM)
Batting: RHB Christian Bauer 0-0: Ball
1-0: Ball
2-0: Called Strike
2-1: Swinging Strike
2-2: Foul Ball, location: 2F
2-2: Ground out 5-3 (Groundball, 5S)
Joe Day to second
Pitching: RHP Francisco Morales
Batting: RHB Dan Castaneda 0-0: Ball
1-0: Swinging Strike
1-1: Foul Ball, location: 2F
1-2: Ball
2-2: Ball
3-2: Foul Ball, location: 2F
3-2: SINGLE (Groundball, 6MD)
Joe Day to third
Joe Day scores
Batting: RHB Timothy Foster 0-0: Ball
1-0: Ball
2-0: Ground out 4-3 (Groundball, 34)
Bottom of the 6th over - 1 run(s), 1 hit(s), 0 error(s), 1 left on base; Tennessee 8 - Vanderbilt 4
TOP OF THE 7TH
Tennessee Volunteers batting - Pitching for Vanderbilt Commodores : LHP Robbie Troxler
Batting: RHB Tanner Albert 0-0: Called Strike
0-1: Swinging Strike
0-2: Strikes out swinging
Batting: LHB Bernardo Morales 0-0: Fly out, F7 (Flyball, 7D)
Batting: RHB Mike Alexander 0-0: Ball
1-0: Foul Ball, location: 2F
1-1: Called Strike
1-2: Ground out 6-3 (Groundball, 6)
Top of the 7th over - 0 run(s), 0 hit(s), 0 error(s), 0 left on base; Tennessee 8 - Vanderbilt 4
BOTTOM OF THE 7TH
Vanderbilt Commodores batting - Pitching for Tennessee Volunteers : RHP Francisco Morales
Batting: RHB Glen MacDonald 0-0: Ball
1-0: Ball
2-0: Fly out, F8 (Flyball, 8LS)
Batting: RHB Josh Webb 0-0: Ball
1-0: Ball
2-0: Ball
3-0: Called Strike
3-1: Swinging Strike
3-2: Base on Balls
Batting: RHB Erik Carter 0-0: Ball
1-0: Grounds into double play, 6-4-3 (Groundball, 56)
Bottom of the 7th over - 0 run(s), 0 hit(s), 0 error(s), 0 left on base; Tennessee 8 - Vanderbilt 4
TOP OF THE 8TH
Tennessee Volunteers batting - Pitching for Vanderbilt Commodores : LHP Robbie Troxler
Batting: RHB José Rosales 0-0: Ball
1-0: Called Strike
1-1: Swinging Strike
1-2: SINGLE (Line Drive, 7S)
Batting: LHB Joe Storms 0-0: Bunted foul
0-1: Ball
1-1: Sac Bunt - play at first, batter OUT! 1-4
José Rosales to second
Batting: LHB Vernon Hill 0-0: Ball
1-0: Ball
2-0: Ball
3-0: Called Strike
3-1: Ground out 1-3 (Groundball, 13)
José Rosales to third
Batting: RHB John Jones 0-0: Ball
1-0: Called Strike
1-1: Foul Ball, location: 2F
1-2: Fly out, F6 (Popup, 6D)
Top of the 8th over - 0 run(s), 1 hit(s), 0 error(s), 1 left on base; Tennessee 8 - Vanderbilt 4
BOTTOM OF THE 8TH
Vanderbilt Commodores batting - Pitching for Tennessee Volunteers : RHP Francisco Morales
Batting: RHB Denis Miller 0-0: Fly out, F5 (Line Drive, 5)
Batting: RHB Joe Day 0-0: Called Strike
0-1: Ball
1-1: Foul Ball, location: 2F
1-2: Strikes out looking
Batting: RHB Steve Cook 0-0: Called Strike
0-1: Called Strike
0-2: Strikes out swinging
Bottom of the 8th over - 0 run(s), 0 hit(s), 0 error(s), 0 left on base; Tennessee 8 - Vanderbilt 4
TOP OF THE 9TH
Tennessee Volunteers batting - Pitching for Vanderbilt Commodores : LHP Robbie Troxler
Batting: RHB Kevin Manning 0-0: Ball
1-0: Fly out, F1 (Popup, 25)
Batting: RHB Travis Colbert 0-0: Ball
1-0: Ball
2-0: Called Strike
2-1: Swinging Strike
2-2: Fly out, F9 (Flyball, 9M)
Batting: RHB Tanner Albert 0-0: Called Strike
0-1: Ball
1-1: Ground out 3-1 (Groundball, 34S)
Top of the 9th over - 0 run(s), 0 hit(s), 0 error(s), 0 left on base; Tennessee 8 - Vanderbilt 4
BOTTOM OF THE 9TH
Vanderbilt Commodores batting - Pitching for Tennessee Volunteers : RHP Francisco Morales
Batting: RHB Christian Bauer 0-0: Ball
1-0: Ball
2-0: Ball
3-0: Base on Balls
Batting: RHB Dan Castaneda 0-0: Foul Ball, location: 2F
0-1: Swinging Strike
0-2: Ball
1-2: SINGLE (Groundball, 56D) (infield hit)
Christian Bauer to second
Pitching: RHP Morgan Fox
Batting: RHB Timothy Foster 0-0: Ball
1-0: Ball
2-0: Called Strike
2-1: Ball
3-1: Base on Balls
Christian Bauer to third
Dan Castaneda to second
Batting: RHB Glen MacDonald 0-0: Called Strike
0-1: Ball
1-1: GRAND SLAM HOME RUN (Line Drive, 89XD), Distance : 388 ft
Batting: RHB Josh Webb 0-0: Ball
1-0: Ball
2-0: Ball
3-0: Foul Ball, location: 2F
3-1: Called Strike
3-2: Foul Ball, location: 2F
3-2: Strikes out swinging
Batting: RHB Erik Carter 0-0: Ball
1-0: Ball
2-0: Ball
3-0: Base on Balls
Batting: RHB Denis Miller 0-0: Called Strike
0-1: Called Strike
0-2: Ball
1-2: Foul Ball, location: 2F
1-2: SINGLE (Line Drive, 6MD)
Erik Carter to second
Batting: RHB Joe Day 0-0: Ball
1-0: Called Strike
1-1: Ball
Wild Pitch!
Erik Carter to third
Denis Miller to second
2-1: Intentional Walk
Batting: RHB Steve Cook 0-0: Foul Ball, location: 2F
0-1: Ball
1-1: Ball
2-1: Foul Ball, location: 2F
2-2: Strikes out swinging
Pinch Hitting: LHB Shannon Hunter 0-0: Ball
1-0: Swinging Strike
1-1: Ball
2-1: Foul Ball, location: 2F
2-2: Foul Ball, location: 2F
2-2: SINGLE (Line Drive, 6D)
Erik Carter scores
Monday, December 5th, 2016 - OOTP Baseball 17.12 Build 75